 Dungeon Crawl Stone Soup version 0.18.1-5-g4a78601 (webtiles) character file.

124173 epen the Basher (level 16, 0/100 HPs)
             Began as a Gargoyle Gladiator on May 14, 2016.
             Was the Champion of the Shining One.
             Killed from afar by a wizard (7 damage)
             ... with a bolt of fire
             ... on level 15 of the Dungeon.
             The game lasted 00:56:31 (26343 turns).

epen the Basher (Gargoyle Gladiator)               Turns: 26343, Time: 00:56:32

Health: 0/100      AC: 41    Str: 23    XL:     16   Next: 92%
Magic:  35/35      EV: 13    Int: 15    God:    the Shining One [******]
Gold:   2799       SH:  0    Dex: 14    Spells: 2 memorised, 19 levels left

rFire  . . .     SeeInvis .     U - +5 eveningstar (crush)
rCold  . . .     Gourm    .     i - +2 plate armour {rPois}
rNeg   + + +     Faith    .     x - +1 buckler {reflect}
rPois  ∞         Spirit   .     (helmet restricted)
rElec  +         Dismiss  .     y - +2 cloak "Dadghej" {rCorr Int+4 Dex+3}
rCorr  +         Reflect  +     L - +1 pair of gloves
SustAt +         Harm     .     H - +2 pair of boots
MR     +....                    Z - amulet of magic regeneration
Stlth  ..........               I - ring of magical power
                                B - ring of sustain attributes

@: confused, flying, glowing, somewhat resistant to hostile enchantments,
extremely unstealthy
A: antennae 1, big wings, large bone plates 1, blurry vision 1, negative energy
resistance 1, regeneration 1, electricity resistance, unbreathing, petrification
resistance, rot immunity, MP-powered wands, AC +11
a: Stop Flying, Divine Shield, Cleansing Flame, Summon Divine Warrior, Brand
Weapon With Holy Wrath, Renounce Religion


You were on level 15 of the Dungeon.
You worshipped the Shining One.
The Shining One was exalted by your worship.
You were very hungry.

You visited 3 branches of the dungeon, and saw 25 of its levels.
You visited the Abyss 1 time.
You also visited: Labyrinth, Ossuary and Ice Cave.

You collected 3034 gold pieces.
You spent 235 gold pieces at shops.

Inventory:

Hand Weapons
 j - a +0 eveningstar of protection
 Q - a +2 scimitar of flaming
 U - a +5 eveningstar of crushing (weapon)
Missiles
 d - 3 throwing nets (quivered)
Armour
 i - a +2 plate armour of poison resistance (worn)
 x - a +1 buckler of reflection (worn)
 y - the +2 cloak "Dadghej" (worn) {rCorr Int+4 Dex+3}
   (You found it on level 7 of the Dungeon)

   It affects your intelligence (+4).
   It affects your dexterity (+3).
   It protects you from acid and corrosion.
 H - a +2 pair of boots (worn)
 L - a +1 pair of gloves (worn)
 T - a fire dragon hide
Magical Staves
 G - an uncursed staff of summoning
Jewellery
 B - a ring of sustain attributes (left hand)
 I - a ring of magical power (right hand)
 X - an uncursed ring of fire
 Z - an amulet of magic regeneration (around neck)
Wands
 n - a wand of paralysis (4/24)
 r - a wand of digging (6/24)
 v - a wand of disintegration (13/24)
 J - a wand of iceblast (4/15)
 M - a wand of heal wounds (0/9)
 R - a wand of iceblast (4/15)
Scrolls
 a - a scroll of enchant armour
 e - 15 scrolls of identify
 g - a scroll of blinking
 k - 16 scrolls of remove curse
 m - 3 scrolls of recharging
 o - 8 scrolls of teleportation
 p - 2 scrolls of enchant weapon
 t - 5 scrolls of fear
 u - 6 scrolls of amnesia
 w - a scroll of magic mapping
 V - 2 scrolls of fog
Potions
 b - 4 potions of resistance
 s - 3 potions of brilliance
 z - a potion of might
 A - 3 potions of agility
 F - a potion of berserk rage
 K - 4 potions of magic
 P - 13 potions of curing
 S - 2 potions of cancellation
 Y - a potion of ambrosia
Books
 c - a book of Spatial Translocations

   Spells                             Type                      Level
   a - Apportation                    Translocation                1
   b - Blink                          Translocation                2
   c - Shroud of Golubria             Charms/Translocation         2
   d - Portal Projectile              Translocation                3
   e - Teleport Other                 Translocation                3
   f - Passage of Golubria            Translocation                4
 l - the Handbook of the Snowflakes
   (You found it in a labyrinth)

   Spells                             Type                      Level
   a - Throw Frost                    Conjuration/Ice              2
   b - Ensorcelled Hibernation        Hexes/Ice                    2
   c - Throw Icicle                   Conjuration/Ice              4
   d - Metabolic Englaciation         Hexes/Ice                    5
Miscellaneous
 C - a lamp of fire
 D - a sack of spiders {used: 2}
Comestibles
 f - 21 bread rations
 h - 13 slices of pizza
 q - 31 fruits
 E - 10 royal jellies
 N - 7 beef jerkies
 O - 4 meat rations


   Skills:
 + Level 11.3 Fighting
 * Level 14.2 Maces & Flails
 - Level 1.7 Throwing
 + Level 13.5 Armour
 * Level 11.2 Dodging
 + Level 5.0 Shields
 + Level 3.6 Spellcasting
 + Level 4.5 Translocations
 * Level 13.9 Invocations
 + Level 6.7 Evocations


You had 19 spell levels left.
You knew the following spells:

 Your Spells              Type           Power        Failure   Level  Hunger
a - Blink                 Tloc           N/A          52%         2    ##.....
b - Apportation           Tloc           ###.......   34%         1    None


Dungeon Overview and Level Annotations

Branches:
Dungeon (15/15)            Temple (0/1) D:7            Lair (8/8) D:8
 Shoals (0/4) Lair:4        Snake (0/4) Lair:4        Slime (0/6) Lair:8
    Orc (2/2) D:9             Elf (0/3) Orc:2        Vaults (0/5) D:14
 Depths (0/5) D:15

Altars:
Cheibriados
Elyvilon
Fedhas
Makhleb
Qazlal
Xom
Zin
The Shining One

Shops:
D:4 }   D:6 [   D:8 *   D:13 (%!:*   Orc:2 %%?((

Annotations:
Lair:7 exclusion: oklob plant


Innate Abilities, Weirdness & Mutations

You are resistant to torment.
Your stone body is resilient (AC +11).
You are immune to poison.
Your large and strong wings let you fly indefinitely.
You resist negative energy.
You are resistant to electric shocks.
You can survive without breathing.
You are immune to petrification.
You are immune to rotting.
You have a pair of small antennae on your head.
You are partially covered in large bone plates (AC +2, SH +2).
Scrolls take you a little longer to read.
Your natural rate of healing is unusually fast.
You expend magic power (3 MP) to strengthen your wands.


Message History

Ouch! That really hurt!
* * * LOW HITPOINT WARNING * * *
You are too injured to fight recklessly!
You are too injured to fight recklessly!
You are too injured to fight recklessly!
Drink which item? (? for menu, Esc to quit)
Okay, then.
Evoke which item? (* to show all) (? for menu, Esc to quit)
Zapping:
M - a wand of heal wounds {zapped: 2} (will waste charges)
Press: ? - help, Shift-Dir - straight line, f - you Nothing appears to happen.
The wizard gestures at you while chanting.
The bolt of cold hits you!
* * * LOW HITPOINT WARNING * * *
Drink which item? (? for menu, Esc to quit)
You are confused.
You feel invigorated.
The wizard points at you and mumbles some strange words.
The bolt of fire hits you!
You die...

################
###..............#
...........#####@#
.......###.# #.#
###.##)###.# #p# *
#..))....# #.# *
#).......#####.#
###..............#
.............#####*********
###)...........,,,,,,,,,,,*
...........#.##**********,*


You could see a wizard.

Vanquished Creatures
  Rupert (Lair:5)
  3 tentacled starspawn (Abyss:2)
  A tengu reaver (D:14)
  Maud (D:11)
  Nessos (Lair:5)
  Azrael (Orc:2)
  An ettin (Orc:2)
  Josephine (Lair:5)
  2 vault guards (D:14)
  A minotaur (Lab)
  2 fire dragons
  The ghost of Armakuni the Fighter, a novice OgTm of Elyvilon (D:8)
  10 hydras
  3 ogre magi
  Erica (D:11)
  4 centaur warriors
  A catoblepas (Lair:7)
  A thrashing horror (Abyss:2)
  Urug (D:15)
  11 death yaks
  2 orc high priests
  Nergalle (D:11)
  A wretched star (Abyss:2)
  3 skeletal warriors (D:15)
  2 unseen horrors
  2 deep trolls (Orc:2)
  A starcursed mass (Abyss:2)
  A large abomination (Abyss:2)
  3 lindwurms
  A harpy (D:14)
  5 hill giants
  A wolf spider zombie (D:14)
  A lindwurm (shapeshifter) (D:14)
  4 orc knights
  3 necromancers (D:14)
  2 orc sorcerers
  11 ugly things (D:14)
  A manticore (D:14)
  7 cyclopes
  A sixfirhy (Abyss:2)
  12 elephants
  An apocalypse crab (Abyss:2)
  3 ice statues (IceCv)
  3 black mambas
  Maurice (D:10)
  6 torpor snails (Lair:8)
  A smoke demon (Abyss:2)
  2 orange demons (Abyss:2)
  12 spiny frogs
  A yaktaur (D:14)
  The ghost of Zhenya25pyc the Sneak, a novice OpAs of Cheibriados (D:5)
  An efreet (D:13)
  4 komodo dragons
  A rime drake (Lair:1)
  A redback zombie (D:15)
  2 tengu conjurers (D:15)
  15 trolls
  An ancient zyme (Abyss:2)
  A queen bee (Lair:1)
  A polar bear (Lair:4)
  6 two-headed ogres (Orc:2)
  5 giant leeches (Lair:8)
  A two-headed ogre (shapeshifter) (D:15)
  24 blink frogs
  4 raiju (Abyss:2)
  A shadow (D:15)
  2 vampires
  A water elemental (D:11)
  53 yaks
  2 fire elementals (Orc:2)
  3 wraiths (Lair:5)
  A ynoxinul (Abyss:2)
  19 humans
  A wyvern (D:14)
  7 hippogriffs
  Grum (D:10)
  4 basilisks
  A hog (D:7)
  2 vampire mosquitoes (D:13)
  A chaos spawn (Abyss:2)
  A steam dragon (D:13)
  5 wargs
  A mottled dragon (D:14)
  7 porcupines
  13 water moccasins
  10 ice beasts
  30 orc warriors
  4 wasps
  3 sky beasts
  2 phantoms
  A black bear (D:13)
  An eye of draining (D:12)
  32 ogres
  7 centaurs
  3 necrophages
  14 wolves
  16 crocodiles
  2 big kobolds (D:11)
  19 giant frogs
  3 water moccasin zombies
  5 scorpions
  A small abomination (Abyss:2)
  A wyvern skeleton (D:14)
  34 killer bees
  10 wights
  2 howler monkeys (D:14)
  2 electric eels (D:11)
  3 crimson imps
  9 jellies
  11 orc priests
  5 hounds
  Crazy Yiuf (D:6)
  A quasit (D:12)
  2 giant frog skeletons (D:9)
  19 orc wizards
  An iron imp (Abyss:2)
  5 iguanas
  8 worker ants
  40 sheep
  A big kobold zombie (Ossuary)
  A hound zombie (D:5)
  2 mummies (Ossuary)
  10 adders
  2 howler monkey skeletons (D:10)
  39 river rats
  4 shadow imps
  4 oozes
  4 adder zombies
  20 worms
  3 dart slugs (D:2)
  3 giant geckos
  89 orcs
  6 giant cockroaches
  2 goblins
  3 hobgoblins
  21 jackals
  A quokka (D:11)
  2 ball pythons
  5 bats
  A giant gecko skeleton (D:4)
  5 giant newts
  3 gnoll zombies (Ossuary)
  4 hobgoblin zombies (Ossuary)
  17 kobolds
  5 kobold zombies (Ossuary)
  4 orc zombies (Ossuary)
  3 rats
  2 plants (Lair:8)
  A starspawn tentacle (Abyss:2)
911 creatures vanquished.

Vanquished Creatures (collateral kills)
  An orc warlord (Orc:2)
  2 trolls (Orc:2)
  2 fire elementals (Orc:2)
  3 hell hounds (Orc:2)
  An orc warrior (Orc:2)
  An orc priest (Orc:2)
  An orc wizard (Orc:2)
  3 orcs (Orc:2)
14 creatures vanquished.

Vanquished Creatures (others)
  A cyclops (Orc:2)
  2 centaurs (D:13)
  A kobold zombie (Ossuary)
  8 fungi
  5 plants (Lair:8)
  4 starspawn tentacles (Abyss:2)
  10 starspawn tentacle segments (Abyss:2)
31 creatures vanquished.

Grand Total: 956 creatures vanquished

Notes
Turn   | Place    | Note
--------------------------------------------------------------
     0 | D:1      | epen the Gargoyle Gladiator began the quest for the Orb.
     0 | D:1      | Reached XP level 1. HP: 12/12 MP: 1/1
   252 | D:1      | Reached XP level 2. HP: 15/18 MP: 2/2
   761 | D:2      | Reached skill level 1 in Armour
  1005 | D:2      | Found a stormy altar of Qazlal.
  1076 | D:2      | Reached XP level 3. HP: 22/22 MP: 3/3
  1509 | D:2      | Found a blossoming altar of Fedhas.
  1851 | D:3      | Reached XP level 4. HP: 27/27 MP: 4/4
  1934 | D:3      | Found a glowing silver altar of Zin.
  1934 | D:3      | Found a glowing golden altar of the Shining One.
  1935 | D:3      | Found a white marble altar of Elyvilon.
  1942 | D:3      | Became a worshipper of the Shining One
  2632 | D:4      | Reached XP level 5. HP: 23/32 MP: 5/5
  2806 | D:4      | Found a sand-covered staircase.
  2811 | Ossuary  | Entered an ossuary
  2841 | Ossuary  | Reached * piety under the Shining One
  2852 | Ossuary  | Reached skill level 4 in Maces & Flails
  3046 | Ossuary  | Reached ** piety under the Shining One
  3052 | Ossuary  | Reached XP level 6. HP: 31/37 MP: 6/6
  3228 | D:4      | Found Tiredgh's Gadget Emporium.
  3630 | D:5      | Entered Level 5 of the Dungeon
  3723 | D:5      | Reached XP level 7. HP: 30/43 MP: 7/7
  3770 | D:5      | Reached skill level 5 in Maces & Flails
  3937 | D:5      | Noticed Zhenya25pyc's ghost (novice OpAs)
  3946 | D:5      | Killed Zhenya25pyc's ghost
  3978 | D:5      | Reached XP level 8. HP: 43/48 MP: 8/8
  4294 | D:5      | Reached skill level 5 in Dodging
  4390 | D:6      | Reached skill level 5 in Fighting
  4390 | D:6      | Reached skill level 6 in Maces & Flails
  4439 | D:6      | Reached *** piety under the Shining One
  4696 | D:6      | Found Dealucep's Armour Shop.
  4950 | D:6      | Noticed Crazy Yiuf
  4958 | D:6      | Killed Crazy Yiuf
  5289 | D:7      | Reached skill level 7 in Maces & Flails
  5289 | D:7      | Reached XP level 9. HP: 32/55 MP: 9/9
  5457 | D:7      | Reached skill level 5 in Armour
  5600 | D:7      | Reached skill level 1 in Invocations
  5900 | D:6      | Gained mutation: You have large cloven feet. [potion of mutation]
  5900 | D:6      | Gained mutation: You are robust (+10% HP). [potion of mutation]
  5900 | D:6      | Gained mutation: You have a somewhat thin skeletal structure (Dex +2, Stealth). [potion of mutation]
  6212 | D:7      | Found a staircase to the Ecumenical Temple.
  6245 | D:7      | Got a dazzling cloak
  6276 | D:7      | Identified the +2 cloak "Dadghej" {rCorr Int+4 Dex+3} (You found it on level 7 of the Dungeon)
  6528 | D:8      | Found Jihuakhly's Assorted Antiques.
  6536 | D:8      | Bought a scroll labeled MUOSKO OF QUT for 23 gold pieces
  6576 | D:8      | Noticed Armakuni's ghost (novice OgTm)
  6604 | D:8      | Killed Armakuni's ghost
  6604 | D:8      | Reached skill level 8 in Maces & Flails
  6604 | D:8      | Reached XP level 10. HP: 43/67 MP: 11/13
  6628 | D:8      | Found a staircase to the Lair.
  6649 | D:8      | HP: 4/100 [orc priest/divine providence (11)]
  7272 | D:8      | Found a burning altar of Makhleb.
  7272 | D:8      | Found a shimmering altar of Xom.
  7556 | D:9      | Reached skill level 5 in Invocations
  7568 | D:9      | Reached **** piety under the Shining One
  7877 | D:9      | Reached skill level 9 in Maces & Flails
  8425 | D:9      | Found a staircase to the Orcish Mines.
  8476 | D:9      | Reached XP level 11. HP: 67/73 MP: 15/15
  8556 | D:10     | Entered Level 10 of the Dungeon
  8587 | D:10     | Noticed Grum
  8725 | D:10     | Killed Grum
  9134 | D:10     | Noticed Maurice
  9146 | D:10     | Killed Maurice
  9572 | D:11     | Noticed Erica
  9600 | D:11     | Killed Erica
  9824 | D:11     | Noticed Maud
  9846 | D:11     | Killed Maud
  9846 | D:11     | Reached skill level 10 in Maces & Flails
 10450 | D:11     | Noticed a hill giant
 10461 | D:11     | Killed a hill giant
 10548 | D:11     | Reached skill level 1 in Evocations
 10646 | D:11     | Reached XP level 12. HP: 81/81 MP: 18/18
 11018 | D:11     | Noticed Nergalle
 11093 | D:11     | Killed Nergalle
 11313 | Lair:1   | Entered Level 1 of the Lair of Beasts
 12631 | Lair:2   | Reached skill level 11 in Maces & Flails
 12739 | Lair:2   | Lost mutation: You have large cloven feet. [potion of cure mutation]
 12739 | Lair:2   | Lost mutation: You have a somewhat thin skeletal structure (Dex +2, Stealth). [potion of cure mutation]
 12739 | Lair:2   | Lost mutation: You are robust (+10% HP). [potion of cure mutation]
 12740 | Lair:2   | Gained mutation: Scrolls take you a little longer to read. [potion of mutation]
 12740 | Lair:2   | Gained mutation: You are partially covered in large bone plates (AC +2, SH +2). [potion of mutation]
 12740 | Lair:2   | Gained mutation: You have a pair of small antennae on your head. [potion of mutation]
 12741 | Lair:2   | Gained mutation: Your natural rate of healing is unusually fast. [potion of beneficial mutation]
 12784 | Lair:2   | Noticed a six-headed hydra
 12795 | Lair:2   | Killed a six-headed hydra
 13543 | Lair:3   | Reached XP level 13. HP: 80/80 MP: 20/20
 13656 | Lair:3   | Reached skill level 10 in Armour
 13978 | Lair:3   | Reached skill level 10 in Invocations
 14719 | Lair:4   | Found a staircase to the Snake Pit.
 14855 | Lair:4   | Found a staircase to the Shoals.
 15231 | Lair:5   | Noticed Rupert
 15232 | Lair:5   | Paralysed by Rupert for 7 turns
 15258 | Lair:5   | Killed Rupert
 15309 | Lair:5   | Noticed Josephine
 15320 | Lair:5   | Killed Josephine
 15621 | Lair:5   | Noticed Nessos
 15641 | Lair:5   | Killed Nessos
 15670 | Lair:5   | Reached skill level 12 in Maces & Flails
 16252 | Lair:5   | Gained mutation: Your large and strong wings let you fly indefinitely. [Gargoyle growth]
 16252 | Lair:5   | Reached XP level 14. HP: 87/87 MP: 22/22
 16285 | Lair:6   | Found a snail-covered altar of Cheibriados.
 16560 | Lair:6   | Reached skill level 10 in Fighting
 17219 | Lair:7   | Reached skill level 10 in Dodging
 17282 | Lair:7   | Found a shimmering altar of Xom.
 17721 | Lair:7   | Reached skill level 5 in Evocations
 17969 | Lair:8   | Entered Level 8 of the Lair of Beasts
 18070 | Lair:8   | Reached ***** piety under the Shining One
 18204 | Lair:8   | Learned a level 2 spell: Blink
 18214 | Lair:8   | Found a staircase to the Slime Pits.
 18626 | Lair:8   | Reached skill level 1 in Translocations
 19045 | Lair:8   | Found a runed door.
 19360 | Lair:8   | Reached XP level 15. HP: 87/93 MP: 24/24
 19369 | Lair:8   | Reached skill level 1 in Spellcasting
 19599 | Lair:8   | Reached skill level 13 in Maces & Flails
 20506 | D:13     | Found Tohovva's Book Shoppe.
 20657 | D:13     | Reached skill level 1 in Shields
 20673 | D:13     | Found Idghed's Antique Weapon Shoppe.
 20717 | D:13     | Found Caiz's Food Shoppe.
 20761 | D:13     | Found Zyjas's Distillery.
 20764 | D:13     | Bought a potion of heal wounds for 70 gold pieces
 20791 | D:13     | Found Viututh's General Store.
 20962 | D:13     | Found a shimmering altar of Xom.
 21196 | Orc:1    | Entered Level 1 of the Orcish Mines
 21520 | Orc:2    | Entered Level 2 of the Orcish Mines
 21699 | Orc:2    | Found Eggilla's Weapon Emporium.
 21711 | Orc:2    | Found Ucwanna's Magic Scroll Shoppe.
 21869 | Orc:2    | Noticed an orc warlord
 21869 | Orc:2    | Reached ****** piety under the Shining One
 22376 | Orc:2    | Killed an orc warlord
 22392 | Orc:2    | Noticed Azrael
 22398 | Orc:2    | Cast into level 2 of the Abyss (an ogre mage)
 22532 | Abyss:2  | Noticed a cacodemon
 22537 | Abyss:2  | Gained mutation: You expend magic power (3 MP) to strengthen your wands. [a cacodemon]
 22588 | Abyss:2  | Noticed a tentacled starspawn
 22604 | Abyss:2  | Killed a tentacled starspawn
 22691 | Abyss:2  | Noticed a tentacled starspawn
 22702 | Abyss:2  | Killed a tentacled starspawn
 22719 | Abyss:2  | Reached XP level 16. HP: 31/99 MP: 16/25
 22722 | Abyss:2  | Noticed a tentacled starspawn
 22730 | Abyss:2  | Killed a tentacled starspawn
 22732 | Orc:2    | Escaped the Abyss
 22858 | Orc:2    | Found a staircase to the Elven Halls.
 22921 | Orc:2    | Found Yzeas's Antique Weapon Shop.
 22925 | Orc:2    | Found Luosaefe's Food Emporium.
 22994 | Orc:2    | Killed Azrael
 23076 | Orc:2    | Found Zysazut's Food Shoppe.
 23154 | Orc:2    | Bought a scroll of identify for 30 gold pieces
 23154 | Orc:2    | Bought a scroll of blinking for 112 gold pieces
 23409 | Orc:2    | Learned a level 1 spell: Apportation
 23657 | D:14     | Found a frozen archway.
 23739 | IceCv    | Entered an ice cave
 24651 | D:14     | Noticed a tengu reaver
 24658 | D:14     | Killed a tengu reaver
 24685 | D:14     | Reached skill level 14 in Maces & Flails
 25291 | D:14     | Found a gate to the Vaults.
 25346 | D:14     | Identified a scroll of acquirement
 25476 | D:15     | Entered Level 15 of the Dungeon
 25528 | D:15     | Found a labyrinth entrance.
 25535 | Lab      | Entered a labyrinth
 26121 | Lab      | Identified the Handbook of the Snowflakes (You found it in a labyrinth)
 26232 | D:15     | Noticed Urug
 26241 | D:15     | Reached skill level 5 in Shields
 26252 | D:15     | Killed Urug
 26342 | D:15     | HP: 2/100 [wizard/bolt of cold (8)]
 26343 | D:15     | Killed from afar by a wizard

Skill      XL: |  1  2  3  4  5  6  7  8  9 10 11 12 13 14 15 16 |
---------------+-------------------------------------------------+-----
Armour         | 1 2 3 4 5 6 7 9 11 12 13 | 13.5
Dodging        | 3 4 5 7 8 9 10 11 | 11.2
Fighting       | 3 4 5 6 7 8 9 10 11 | 11.3
Maces & Flails | 4 5 7 8 9 10 11 12 13 14 | 14.2
Invocations    | 4 6 8 9 11 12 13 | 13.9
Evocations     | 1 2 4 5 6 |  6.7
Translocations | 1 3 4 |  4.5
Spellcasting   | 2 3 |  3.6
Shields        | 3 5 |  5.0
Throwing       | |  1.7

Action                   |  1- 3 |  4- 6 |  7- 9 | 10-12 | 13-15 | 16-18 || total
-------------------------+-------+-------+-------+-------+-------+-------++-------
Melee: Flail             |   136 |   197 |   299 |    99 |       |       ||   731
       Dire flail        |       |       |    73 |    31 |       |       ||   104
       Kick              |       |       |    15 |       |       |       ||    15
       Morningstar       |       |       |       |   303 |       |       ||   303
       Eveningstar       |       |       |       |   482 |  1288 |   491 ||  2261
Invok: Divine Shield     |       |       |     3 |    11 |     7 |     2 ||    23
       Cleansing Flame   |       |       |       |     1 |     5 |     1 ||     7
       Summon Divine War |       |       |       |       |     1 |       ||     1
 Abil: Evoke Berserk Rag |       |       |       |     1 |       |       ||     1
       Fly               |       |       |       |       |     1 |       ||     1
Evoke: Lamp of fire      |       |       |       |     1 |       |     1 ||     2
       Wand              |       |       |       |       |       |     7 ||     7
       Sack of spiders   |       |       |       |       |       |     2 ||     2
  Use: Scroll            |       |       |    22 |     8 |     4 |     5 ||    39
       Potion            |       |       |     3 |     7 |     1 |     2 ||    13
  Eat: Chunk             |     2 |     7 |     5 |    16 |    27 |     3 ||    60
       Meat ration       |       |       |     1 |     2 |       |     2 ||     5
       Royal jelly       |       |       |       |       |     2 |       ||     2
Armor: Ring mail         |    77 |   110 |     1 |       |       |       ||   188
       Scale mail        |       |       |    45 |       |       |       ||    45
       Chain mail        |       |       |   182 |   614 |   767 |     6 ||  1569
       Plate armour      |       |       |       |       |       |   267 ||   267
Dodge: Dodged            |    96 |   145 |   214 |   643 |   760 |   219 ||  2077
Block: Other             |       |       |    26 |    92 |    87 |       ||   205
       Buckler           |       |       |       |       |   219 |   228 ||   447
       Reflection        |       |       |       |       |    16 |     3 ||    19
